Map: Dusk Towers

Players

ArtOfWar

  • Race: Terran Terran
  • League: Master

ZizLah - Winner!

  • Race: Terran Terran
  • League: Diamond

VOD

Have the link to the VOD?

Description

Time

  • Played on: May 26, 2016, 7:13 p.m.
  • Length: 10:09
Show
View Real Time Build Order
Export as new Build Order

ArtOfWar Terran 

Build Orders: Reaper Expand, MMM Bio 

Get SALT Encoding   

  12  0:03  SCV  
  13  0:15  SCV  
  13  0:18  Supply Depot  
  14  0:27  SCV  
  15  0:39  SCV  
  15  0:42  Barracks  
  16  0:44  Refinery  
  16  0:51  SCV  
  17  1:03  SCV  
  18  1:15  SCV  
  19  1:28  Orbital Command  
  19  1:30  Reaper  
  20  1:39  Command Center  
  20  1:47  Supply Depot  
  20  1:54  SCV  
  21  1:57  Refinery  
  21  2:03  Barracks Reactor  
  21  2:10  SCV  
  22  2:23  Factory  
  22  2:24  SCV  
  23  2:36  SCV  
  24  2:39  Marine x2  
  26  2:48  SCV  
  25  2:51  Orbital Command  
  27  2:57  Marine x2  
  29  3:05  Engineering Bay  
  29  3:09  SCV  
  29  3:12  Factory Tech Lab  
  30  3:15  Marine x2  
  30  3:16  Starport  
  32  3:23  SCV  
  32  3:25  SCV  
  34  3:32  Terran Infantry Weapons Level 1  
  34  3:34  Siege Tank  
  37  3:40  Barracks  
  37  3:42  Barracks  
  37  3:53  SCV x2  
  38  3:57  Marine x2  
  38  3:59  Starport Reactor  
  40  4:05  SCV x2  
  40  4:08  Missile Turret  
  42  4:11  Siege Tank  
  42  4:16  Marine  
  46  4:21  Supply Depot  
  46  4:37  Barracks Reactor  
  46  4:38  Barracks Tech Lab, Marine  
  46  4:43  SCV x2  
  46  4:44  Command Center  
  49  4:54  Medivac  
  49  4:58  Stimpack, Marine x3  
  54  5:11  SCV  
  54  5:12  SCV  
  56  5:17  Marine  
  56  5:18  Marine x4  
  61  5:24  Supply Depot  
  61  5:26  Siege Tank  
  62  5:42  Marine x5, SCV x2  
  67  5:46  Medivac  
  67  5:48  Supply Depot  
  67  5:49  Supply Depot  
  71  5:54  SCV x2  
  71  5:56  Orbital Command  
  73  6:00  Siege Tank  
  76  6:05  Missile Turret  
  76  6:10  SCV x2  
  78  6:13  Refinery  
  78  6:16  Refinery  
  78  6:18  Engineering Bay  
  78  6:19  Medivac  
  78  6:24  Refinery  
  80  6:25  SCV  
  80  6:26  SCV x2  
  80  6:31  Marine x3  
  80  6:32  Marine x2  
  87  6:40  Armory  
  78  6:47  SCV  
  78  6:48  SCV x2  
  78  6:49  Marine x2  
  78  6:50  Siege Tank  
  86  7:04  Combat Shields  
  86  7:05  Marine x2  
  86  7:06  Marine  
  89  7:10  Barracks  
  89  7:11  SCV  
  89  7:12  Barracks, SCV  
  91  7:16  Barracks  
  69  7:36  SCV x2  
  67  7:39  Marine x2  
  67  7:40  Siege Tank, Marine x3  
  67  7:41  Medivac x2  
  70  7:54  SCV x2  
  70  7:55  SCV  
  72  8:02  Supply Depot  
  72  8:03  Supply Depot  
  72  8:06  Barracks Tech Lab x2, SCV, Barracks Reactor  
  73  8:13  Terran Vehicle Weapons Level 1, Terran Infantry Armor Level 1  
  73  8:31  Marauder x2, Marine x5  
  82  8:37  SCV x3  
  82  8:41  Command Center  
  85  8:44  Marine x2  
  85  8:47  Supply Depot  
  87  8:49  Marine  
  87  8:50  Marauder  
  90  8:59  SCV x2  
  92  9:03  Siege Tank  
  92  9:04  Marauder, Marine x2  
  92  9:05  Marauder, Marine  
  92  9:06  Marine x2  
  92  9:07  Marine  
  105  9:11  Marauder  
  107  9:23  Medivac x2  
  111  9:26  SCV x2  
  113  9:32  Marauder x2, Marine x2  
  113  9:33  Marine  
  113  9:35  Factory  
  120  9:39  Command Center  
  120  9:43  SCV x3  
Show
View Real Time Build Order
Export as new Build Order

ZizLah Terran - Winner!

Build Orders: Reaper Expand 

Get SALT Encoding   

  12  0:01  SCV  
  13  0:14  SCV  
  14  0:18  Supply Depot  
  14  0:26  SCV  
  15  0:39  SCV  
  15  0:42  Barracks  
  16  0:47  Refinery  
  16  0:52  SCV  
  17  1:04  SCV  
  18  1:16  SCV  
  19  1:29  Orbital Command  
  19  1:32  Reaper  
  20  1:43  Command Center  
  20  1:56  SCV  
  20  2:00  Supply Depot  
  21  2:05  Marine  
  22  2:08  SCV  
  22  2:13  Factory  
  24  2:26  Barracks Reactor  
  23  2:37  Command Center  
  23  2:38  SCV  
  24  2:50  SCV  
  25  2:52  Refinery  
  25  3:00  Orbital Command  
  25  3:03  SCV  
  25  3:04  Starport  
  26  3:11  Hellion  
  28  3:16  Hellion  
  28  3:17  Barracks Tech Lab  
  30  3:23  SCV  
  31  3:28  SCV  
  31  3:33  Hellion  
  34  3:37  SCV  
  34  3:38  Hellion  
  37  3:45  SCV  
  38  3:58  Raven, Hellion  
  38  3:59  SCV x2  
  38  4:00  Orbital Command  
  44  4:11  SCV x2  
  44  4:12  Refinery  
  44  4:13  Refinery  
  44  4:16  Supply Depot  
  48  4:17  Hellion  
  48  4:19  Hellion  
  50  4:29  SCV x3  
  53  4:32  Explosive Shrapnel Shells  
  53  4:41  Viking, Supply Depot  
  53  4:42  SCV  
  53  4:43  SCV  
  57  4:46  SCV  
  58  4:54  SCV  
  58  4:55  SCV  
  58  4:58  SCV  
  58  4:59  Hellion  
  63  5:00  Hellion  
  63  5:06  SCV  
  66  5:07  SCV  
  66  5:08  Supply Depot  
  66  5:09  Supply Depot  
  66  5:11  Raven  
  70  5:17  Orbital Command  
  70  5:18  SCV  
  70  5:20  Hellion  
  72  5:22  Hellion  
  74  5:31  SCV  
  74  5:32  SCV  
  76  5:39  Barracks Reactor  
  76  5:41  Starport  
  76  5:42  Supply Depot, SCV  
  77  5:43  Factory, Supply Depot  
  77  5:44  SCV x2  
  77  5:46  Hellion  
  77  5:47  Hellion  
  83  5:52  Cloaking Field  
  83  5:54  Raven  
  85  5:57  SCV x3  
  88  6:04  Supply Depot  
  88  6:08  Supply Depot  
  88  6:09  SCV x2  
  90  6:12  SCV  
  90  6:15  Refinery  
  90  6:16  Hellion x2  
  90  6:17  Refinery  
  95  6:21  SCV x2  
  95  6:24  SCV  
  98  6:27  Factory Tech Lab  
  98  6:28  Viking x2  
  102  6:33  SCV  
  102  6:34  SCV  
  102  6:36  SCV  
  102  6:49  SCV x2  
  102  6:52  SCV  
  105  7:01  SCV  
  104  7:06  Banshee  
  104  7:07  Viking x2  
  111  7:09  Siege Tank, Hellion x2  
  111  7:10  Infernal Pre-Igniter  
  111  7:11  SCV x2  
  111  7:13  SCV  
  111  7:14  Armory  
  119  7:16  Armory  
  107  7:30  Hellion  
  107  7:31  Hellion  
  111  7:37  Viking x2  
  111  7:40  SCV x3  
  111  7:41  Siege Tank  
  121  7:45  Armory  
  121  7:49  Banshee  
  120  7:52  Hellion  
  122  8:05  SCV x3  
  125  8:07  Terran Ship Weapons Level 1, Terran Vehicle And Ship Armor Level 1  
  125  8:16  Command Center  
  125  8:20  Command Center  
  125  8:21  Supply Depot, Hellion x2  
  125  8:23  Supply Depot  
  125  8:24  Siege Tank  
  125  8:25  Engineering Bay  
  132  8:27  Supply Depot  
  132  8:34  Banshee  
  133  8:42  Viking x2  
  135  8:58  Siege Tank  
  135  8:59  Hellion x2  
  142  9:07  Missile Turret  
  142  9:08  Missile Turret  
  142  9:09  Missile Turret  
  142  9:12  Missile Turret  
  142  9:16  Missile Turret  
  142  9:18  Missile Turret  
  142  9:20  Missile Turret x2  
  142  9:22  Missile Turret  
  146  9:24  Banshee, Hellion x2  
  146  9:25  Viking x2  
  146  9:30  Siege Tank  
  156  9:32  Planetary Fortress  
  156  9:38  Refinery  
  156  9:42  Refinery  
Tags
 
Add a new tag
Caveats
  • Supply blocks, unpowered buildings, or Contaminate may cause inaccurate times.
  • Supply counts are checked every 10 seconds.